AoeStats
← 初晴

Arena

509710304Analyzed
4v4 RM · 4d ago on Sep 27, 2026· 28m 13s· 8 players
Game mode
Random Map
Map size
Large (8 player)
Population
200
Speed
Normal
Resources
Standard
Victory
Conquest
Starting age
Dark Age
Ending age
Imperial Age
RankedLock teamsTeams togetherTeam positionsShared explorationLock speedFull tech treeHidden civsTurbo modeCheats
Victory
Defeat
🇨🇳 Khmer · China
1662
+9
🇨🇳 Spanish · China
1658
+9
🇹🇼 Romans · Taiwan
1551
+14
🇨🇳 Turks · China
1231
+26
🇦🇷 Aztecs · Argentina
1510
-15
🇫🇮 Vietnamese · Finland
1509
-15
🇺🇸 Britons · United States
1497
-15
🇦🇷 Poles · Argentina
1460
-13
Kyphosis
9:31 Feudal Age
13:18 Castle Age
12:03 Double-Bit Axe
14:09 Horse Collar
18:11 Loom
19:07 Wheelbarrow
22:12 Loom
22:43 Hand Cart
22:55 Bow Saw
22:52 Fletching
22:43 Crossbowman
23:37 Bodkin Arrow
24:29 Padded Archer Armor
Irrelevant
10:13 Feudal Age
14:05 Castle Age
12:18 Double-Bit Axe
12:26 Horse Collar
16:02 Bow Saw
19:57 Heavy Plow
20:20 Loom
22:34 Wheelbarrow
23:58 Hand Cart
26:05 Coinage
28:22 Imperial Age
25:36 Light Cavalry
26:16 Husbandry
26:55 Devotion
27:42 Scale Barding Armor
27:47 Forging
27:56 Bloodlines
TheGhostmaster
2:29 Loom
9:52 Feudal Age
10:16 Horse Collar
10:23 Double-Bit Axe
16:13 Castle Age
15:01 Stone Mining
15:39 Gold Mining
17:07 Bow Saw
17:38 Heavy Plow
20:50 Town Watch
20:51 Town Watch
22:59 Wheelbarrow
26:27 Redemption
26:15 Murder Holes
27:24 Sanctity
27:26 Fervor
Skavio22
11:47 Feudal Age
12:27 Horse Collar
15:18 Castle Age
13:27 Double-Bit Axe
16:22 Bow Saw
16:13 Loom
16:41 Heavy Plow
20:10 Bloodlines
22:24 Forging
22:32 Husbandry
23:39 Szlachta Privileges
25:00 Scale Barding Armor
jueaadjx
7:30 Loom
9:34 Feudal Age
13:18 Double-Bit Axe
13:15 Horse Collar
King-WzRun
10:31 Feudal Age
14:26 Castle Age
12:33 Double-Bit Axe
12:59 Horse Collar
15:36 Bow Saw
19:17 Wheelbarrow
19:57 Padded Archer Armor
20:30 Gold Mining
21:55 Bloodlines
24:21 Husbandry
28:42 Herbal Medicine
初晴
11:49 Feudal Age
15:47 Castle Age
15:56 Loom
19:44 Imperial Age
18:11 Gold Mining
zymini
10:05 Feudal Age
12:48 Castle Age
10:48 Double-Bit Axe
11:12 Horse Collar
13:49 Bow Saw
14:42 Heavy Plow
15:49 Loom
17:59 Wheelbarrow
18:36 Gold Mining
20:15 Gold Shaft Mining
19:55 Loom
20:53 Hand Cart
24:14 Imperial Age
22:46 Bloodlines
22:36 Husbandry
23:31 Scale Barding Armor
23:36 Forging
24:58 Chain Barding Armor
24:15 Capped Ram
27:55 Plate Barding Armor
28:53 Iron Casting
Connection lost

Rejoining the realm…

Still unreachable

The connection could not be restored.

Session expired

The server has moved on; the page needs a fresh start.